 Dungeon Crawl Stone Soup version 0.28.0-43-g3370ac3207 (webtiles) character file.

Game seed: 2092071223574514528

694 Kaptain the Magician (level 7, -7/40 HPs)
             Began as a Deep Elf Earth Elementalist on Mar 29, 2022.
             Mangled by an ogre
             ... wielding a +0 giant club
              (26 damage)
             ... on level 3 of the Dungeon.
             The game lasted 00:08:59 (5000 turns).

Kaptain the Magician (Deep Elf Earth Elementalist)  Turns: 5000, Time: 00:09:00

Health: -7/40      AC:  4    Str:  5    XL:     7   Next: 37%
Magic:  7/16       EV: 12    Int: 22    God:
Gold:   174        SH:  0    Dex: 15    Spells: 12/16 levels left

rFire   . . .      SeeInvis .   s - +1 war axe (elec)
rCold   . . .      Faith    .   (no shield)
rNeg    . . .      Spirit   .   h - +0 leather armour
rPois   .          Reflect  .   (no helmet)
rElec   .          Harm     .   (no cloak)
rCorr   .          Rampage  .   p - +0 pair of gloves
Will    .....                   (no boots)
Stlth   ++........              e - amulet of the acrobat
HPRegen 0.13/turn               (no ring)
MPRegen 0.15/turn               (no ring)

@: very slightly contaminated
A: no striking features
a: no special abilities


You were on level 3 of the Dungeon.
You visited 1 branch of the dungeon, and saw 4 of its levels.

You collected 174 gold pieces.

Inventory:

Hand Weapons
 k - a +3 dagger
 s - a +1 war axe of electrocution (weapon)
Missiles
 c - 75 stones
Armour
 h - a +0 leather armour (worn)
 p - a +0 pair of gloves (worn)
 r - the +1 chain mail "Cofubbeu" {rF+ rC+}
   (You found it on level 3 of the Dungeon)

   rF:        It protects you from fire.
   rC:        It protects you from cold.
Jewellery
 e - an amulet of the acrobat (around neck)
Wands
 o - a wand of digging (2)
Scrolls
 d - a scroll of amnesia
 g - a scroll of enchant armour {unknown}
 l - a scroll of fog
 q - a scroll of fear {unknown}
 t - a scroll of noise {unknown}
Potions
 a - a potion of flight
 b - a potion of lignification
 j - a potion of resistance
 m - a potion of haste
 n - a potion of curing
 u - a potion of berserk rage


   Skills:
 * Level 2.4 Fighting
 + Level 1.6 Armour
 + Level 3.7 Dodging
 + Level 4.1 Stealth
 * Level 5.2 Spellcasting
 * Level 3.7 Conjurations
 - Level 1.1 Transmutations
 * Level 4.9 Earth Magic


You had 12 spell levels left.
You knew the following spells:

 Your Spells              Type           Power      Damage    Failure   Level
a - Sandblast             Erth           54%        2d13      1%          1
b - Stone Arrow           Conj/Erth      48%        3d10      9%          3

Your spell library contained the following spells:

 Spells                   Type           Power      Damage    Failure   Level
 Passwall                 Tmut/Erth      15%        N/A       7%          2
 Animate Skeleton         Necr           10%        N/A       16%         1
 Pain                     Necr           20%        1d5       16%         1
 Petrify                  Tmut/Erth      19%        N/A       41%         4
 Gell's Gravitas          Tloc           5%         N/A       43%         3
 Lesser Beckoning         Tloc           5%         N/A       43%         3
 Teleport Other           Tloc           5%         N/A       43%         3
 Vampiric Draining        Necr           5%         2d6       43%         3


Dungeon Overview and Level Annotations

Branches:
Dungeon (4/15)
 Temple: D:4-7

Altars:


Message History

a +0 dagger; a +0 robe; the elf corpse of Dowan
There is a stone staircase leading down here.
You climb downwards.
The ogre misses you. The endoplasm closely misses you.
There is a stone staircase leading up here.
Unknown command.
The endoplasm freezes you.
You are frozen.
The ogre hits you with a +0 giant club!!
Ouch! That really hurt!
You climb upwards.
There is a stone staircase leading down here.
Unknown command.
The endoplasm closely misses you. The ogre closely misses you.
Casting: Stone Arrow (dangerous; 9% risk of failure)
Confirm with . or Enter, or press ? or * to list all spells.
Aiming: Stone Arrow (dangerous; 9% risk of failure)
Press: ? - help, Shift-Dir - straight line, f - endoplasm
Aim: an endoplasm (98% to hit)
You miscast Stone Arrow.
You are very lightly contaminated with residual magic.
Nothing appears to happen.
The endoplasm hits you but does no damage.
Casting: Stone Arrow (dangerous; 9% risk of failure)
Confirm with . or Enter, or press ? or * to list all spells.
Aiming: Stone Arrow (dangerous; 9% risk of failure)
Press: ? - help, Shift-Dir - straight line, f/p - endoplasm
Aim: an endoplasm (98% to hit)
The stone arrow hits the endoplasm!
You kill the endoplasm!
Unknown command.
Casting: Stone Arrow (dangerous; 9% risk of failure)
Confirm with . or Enter, or press ? or * to list all spells.
Aiming: Stone Arrow (dangerous; 9% risk of failure)
Press: ? - help, Shift-Dir - straight line, f - ogre
Aim: an ogre, wielding a +0 giant club (86% to hit)
The stone arrow hits the ogre!
The ogre is severely wounded.
The ogre hits you with a +0 giant club!!
Ouch! That really hurt!
You die...

########.# #.## #..'..#..#...#
....!.##.####..##
#..##.#..#...#
................#
#...###..#...#
#####.##........#
###...##'#([.# # #.##..####..#
###....##### # #.###..#.#.##
##.#...... # #.# #.#.#..##
#.####### # #.# #.####..#####
#.# # # #.#
#.......@O..#####.# #.#
#.###.#####.......# #####.#
#.###.#####.#.....#
.^.†..###...#.............#
..........#.#######.#.....#
.########...#######.##....####
..# #......................#
#.# #.#..##....)....#...##.#
#.# #.#..#...####.###...##.#


You could see an ogre.

Vanquished Creatures
  Menkaure (D:4)
  A water moccasin (D:3)
  Duvessa (D:4)
  A necrophage (D:4)
  A scorpion (D:4)
  Dowan (D:3)
  A jelly (D:3)
  6 adders
  An adder skeleton (D:4)
  An adder zombie (D:3)
  2 worms (D:2)
  3 dart slugs
  13 orcs
  6 bats
  9 endoplasms
  7 giant cockroaches
  10 hobgoblins
  A jackal (D:2)
  4 kobolds
  5 quokkas
  13 ball pythons
  4 frilled lizards
  11 goblins
  10 rats
113 creatures vanquished.

Notes
Turn   | Place    | Note
-------+----------+-------------------------------------------
     0 | D:1      | Kaptain the Deep Elf Earth Elementalist began the quest for
                  | the Orb.
     0 | D:1      | Reached XP level 1. HP: 10/10 MP: 6/6
   304 | D:1      | Reached XP level 2. HP: 16/16 MP: 5/8
   654 | D:1      | Reached skill level 1 in Conjurations
   828 | D:1      | Reached XP level 3. HP: 20/20 MP: 9/9
   832 | D:1      | Learned a level 3 spell: Stone Arrow
  1556 | D:2      | Reached skill level 1 in Fighting
  1750 | D:2      | Reached XP level 4. HP: 25/25 MP: 8/11
  2249 | D:2      | Found a faded altar of an unknown god.
  2435 | D:3      | Noticed a water moccasin
  2437 | D:3      | Killed a water moccasin
  2438 | D:3      | Reached skill level 1 in Armour
  2438 | D:3      | Reached skill level 4 in Spellcasting
  2438 | D:3      | Reached XP level 5. HP: 29/29 MP: 6/13
  2651 | D:3      | Identified the +1 chain mail "Cofubbeu" {rF+ rC+}
  3520 | D:3      | Reached XP level 6. HP: 35/35 MP: 10/14
  4138 | D:4      | Noticed Menkaure
  4143 | D:4      | Noticed Dowan
  4143 | D:4      | Noticed Duvessa
  4148 | D:4      | Killed Menkaure
  4176 | D:4      | Killed Duvessa
  4489 | D:4      | Reached XP level 7. HP: 40/40 MP: 9/16
  4546 | D:4      | Reached skill level 5 in Spellcasting
  4887 | D:3      | Killed Dowan
  5000 | D:3      | Mangled by an ogre

Illustrated notes

Levels and vault maps discovered:
D:1:      minmay_arrival_shattered_statue, layout_basic, minmay_surrounded
D:2:      layout_loops_ring, basic_ecumenical_altar, minmay_tripent
D:3:      layout_loops_ring, minmay_misc_feat_tiny, minmay_divided_ellipse
D:4:      layout_basic, kennysheep_generic_room_2, uniq_duvessa, uniq_menkaure

Skill      XL: |  1  2  3  4  5  6  7 |
---------------+----------------------+-----
Conjurations   | 1 2 3 |  3.7
Fighting       | 1 2 |  2.4
Stealth        | 3 4 |  4.1
Armour         | 1 |  1.6
Dodging        | 3 |  3.7
Spellcasting   | 4 5 |  5.2
Earth Magic    | 4 |  4.9
Transmutations | |  1.1

Action                   |  1- 3 |  4- 6 |  7- 9 || total
-------------------------+-------+-------+-------++-------
Melee: Falchion          |     2 |       |       ||     2
       Dagger            |    24 |     2 |       ||    26
       Punch             |     3 |       |       ||     3
       War axe           |       |     3 |     5 ||     8
 Cast: Sandblast         |    47 |    46 |     1 ||    94
       Stone Arrow       |       |    43 |    10 ||    53
  Use: Scroll            |       |       |     7 ||     7
       Potion            |       |       |     2 ||     2
 Stab: Sleeping          |     5 |     1 |       ||     6
Armor: Leather armour    |     8 |     9 |     5 ||    22
Dodge: Dodged            |    16 |    33 |    18 ||    67
